 Dungeon Crawl Stone Soup version 0.31.0-11-ge490571c62 (webtiles) character file.

Game seed: 10282593734542237404

36 Gadfly the Insei (level 3, -1/29 HPs)
             Began as a Demonspawn Monk on Feb 3, 2024.
             Slain by Terence
             ... wielding a +0 hand axe
              (5 damage)
             ... on level 2 of the Dungeon.
             The game lasted 00:01:49 (1140 turns).

Gadfly the Insei (Demonspawn Monk)                  Turns: 1140, Time: 00:01:49

Health: -1/29      AC:  2    Str: 13    XL:     3   Next: 19%
Magic:  3/3        EV: 13    Int: 10    God:
Gold:   53         SH:  0    Dex: 15    Spells: 2/2 levels left

rFire   . . .        g - +4 dagger
rCold   . . .        c - orb {light}
rNeg    . . .        a - +0 robe
rPois   .            (helmet restricted)
rElec   .            (no cloak)
rCorr   .            (no gloves)
SInv    .            (no boots)
Will    .....        (no amulet)
Stlth   +            (no ring)
HPRegen 0.24/turn    (no ring)
MPRegen 0.08/turn

%: no passive effects
@: confused, ambrosia-drunk, glowing
A: horns 1
a: no special abilities


You were on level 2 of the Dungeon.
You visited 1 branch of the dungeon, and saw 2 of its levels.

You collected 53 gold pieces.

Inventory:

Hand Weapons
 g - a +4 dagger (weapon)
Armour
 a - a +0 robe (worn)
 c - an orb of light (worn)
Scrolls
 d - a scroll of vulnerability {unknown}
Potions
 h - a potion of lignification
 i - a potion of attraction {unknown}


   Skills:
 - Level 3.0 Fighting
 + Level 2.9 Dodging
 * Level 3.1 Unarmed Combat
 * Level 1.4 Evocations
 * Level 1.0 Shapeshifting


You had 2 spell levels left.
You didn't know any spells.
Your spell library contained the following spells:

 Spells                   Type           Power      Damage    Failure   Level
 Summon Small Mammal      Summ           0%         N/A       36%         1
 Call Canine Familiar     Summ           0%         N/A       75%         3
 Summon Blazeheart Golem  Fire/Summ      0%         N/A       98%         4


Dungeon Overview and Level Annotations

Branches:
Dungeon (2/15)

Altars:

Annotations:
D:2 Sigmund, Terence


Innate Abilities, Weirdness & Mutations

You have a pair of small horns on your head.


Message History

You aren't carrying any items that you can evoke.
Okay, then.
You are already empty-handed.
g - a +4 dagger (weapon)
You barely miss Terence. You headbutt Terence, but do no damage.
Terence closely misses you.
You hit Terence but do no damage. Terence hits you with a +0 hand axe.
You hit Terence but do no damage. Terence hits you with a +0 hand axe.
You hit Terence but do no damage. Terence barely misses you.
You hit Terence but do no damage. You headbutt Terence, but do no damage.
Terence hits you with a +0 hand axe!
You hit Terence but do no damage. Terence hits you with a +0 hand axe.
You are too injured to fight recklessly!
You are too injured to fight recklessly!
You are too injured to fight recklessly!
You are too injured to fight recklessly!
You are too injured to fight recklessly!
You are too injured to fight recklessly!
You are too injured to fight recklessly!
You are too injured to fight recklessly!
You are too injured to fight recklessly!
You are too injured to fight recklessly!
You are too injured to fight recklessly!
You are too injured to fight recklessly!
You are too injured to fight recklessly!
You are too injured to fight recklessly!
You are too injured to fight recklessly!
Unknown command.
You hit Terence. You headbutt Terence, but do no damage.
Terence is lightly wounded.
Terence hits you with a +0 hand axe!
* * * LOW HITPOINT WARNING * * *
You hit Terence but do no damage. You headbutt Terence.
Terence is moderately wounded.
Terence hits you with a +0 hand axe.
* * * LOW HITPOINT WARNING * * *
You are confused.
You feel invigorated. Terence hits you with a +0 hand axe.
You die...
Terence says, "Rest in peace."

### #### .... ....##
#..>. ...... #...#####
......
#...@@..########......
##.####..##...........
#.......####......
#..................@
###.#####.######....
#.................
#########....###..
#####.##..##.. #.....#
#.....


You could see Terence.

Vanquished Creatures
  An adder (D:2)
  2 dart slugs
  2 ball pythons
  4 bats
  2 endoplasms (D:2)
  A giant cockroach (D:1)
  A hobgoblin (D:1)
  2 quokkas (D:1)
  A frilled lizard (D:1)
  3 kobolds (D:1)
  4 rats
23 creatures vanquished.

Notes
Turn   | Place    | Note
-------+----------+-------------------------------------------
     0 | D:1      | Gadfly the Demonspawn Monk began the quest for the Orb.
     0 | D:1      | Reached XP level 1. HP: 18/18 MP: 1/1
   217 | D:1      | Discovered your monstrous ancestry.
   217 | D:1      | Gained mutation: You have a pair of small horns on your
                  | head. [demonic ancestry]
   217 | D:1      | Reached XP level 2. HP: 24/24 MP: 2/2
   560 | D:1      | Reached skill level 1 in Evocations
   680 | D:1      | Found a faded altar of an unknown god.
   878 | D:2      | Noticed Sigmund
   968 | D:2      | Reached XP level 3. HP: 24/29 MP: 3/3
   979 | D:2      | Reached skill level 1 in Shapeshifting
  1128 | D:2      | Noticed Terence
  1139 | D:2      | HP: 1/29 [Terence/+0 hand axe (4)]
  1140 | D:2      | Slain by Terence

Illustrated notes

Levels and vault maps discovered:
D:1:      matt_arrival_diagonals, layout_loops_ring,
          shapermc_ecumenical_altar_hornbeckon, serial_bayou_lake_a
D:2:      layout_basic, uniq_sigmund, uniq_terence

Skill      XL: |  1  2  3 |
---------------+----------+-----
Evocations     | 1 |  1.4
Unarmed Combat | 3 |  3.1
Shapeshifting  | 1 |  1.0
Fighting       | |  3.0
Dodging        | |  2.9

Action                     || total
---------------------------++-------
  Melee: Unarmed           ||    56
         Headbutt          ||    14
         Dagger            ||     8
    Use: Scroll            ||     4
         Potion            ||     2
 Armour: Robe              ||    29
  Dodge: Dodged            ||    39
